 Dungeon Crawl Stone Soup version 0.31.0-32-g396128a36d (webtiles) character file.

Game seed: 17699160040619557037

307716 cdecastro the Gelid (level 21, -4/168 HPs)
             Began as a Human Ice Elementalist on Mar 20, 2024.
             Was the Champion of Lugonu.
             Killed from afar by a Hell Sentinel (41 damage)
             ... with damnation
             ... led by Grunn
             ... on level 3 of the Depths on Mar 22, 2024.
             The game lasted 04:47:26 (50424 turns).

cdecastro the Gelid (Human Ice Elementalist)       Turns: 50424, Time: 04:47:26

Health: -4/168     AC: 18    Str: 11    XL:     21   Next: 19%
Magic:  18/33      EV: 24    Int: 22    God:    Lugonu [******]
Gold:   1527       SH:  0    Dex: 22    Spells: 8/36 levels left

rFire   + + .        a - +8 hand cannon (flame)
rCold   + . .        (no shield)
rNeg    + . .        B - +5 leather armour "Fis Evoi" {rF++ Regen+ SInv}
rPois   +            G - +0 helmet of the Saviour {rC+ Dex+2}
rElec   +            z - +0 cloak "Suskuo" {rPois Dex+4 Stlth+}
rCorr   .            Y - +0 pair of gloves
SInv    +            h - +2 pair of boots {rampage}
Will    +....        O - amulet of regeneration
Stlth   +++          R - ring "Ekhlegh" {rElec EV+5}
HPRegen 2.08/turn    T - ring "Jamedep" {rN+ Slay+4}
MPRegen 0.23/turn

%: rampage
@: no status effects
A: explore regen
}: 2/15 runes: decaying, gossamer
a: Renounce Religion, Depart the Abyss, Banish, Corrupt, Enter the Abyss, Brand
Weapon With Distortion


You were on level 3 of the Depths.
You worshipped Lugonu.
Lugonu was exalted by your worship.
You visited 8 branches of the dungeon, and saw 36 of its levels.
You also visited: Gauntlet and Ice Cave.

You collected 4201 gold pieces.
You spent 2674 gold pieces at shops.

Inventory:

Hand Weapons
 a - a +8 hand cannon of flaming (weapon)
 b - a +2 longbow of flaming
 e - the +10 zealot's sword {holy, Zealotry, *Rage rN+ EV+3}
   (You found it on level 1 of the Depths)

   Zealotry:  Whenever the wielder enters a berserk rage, their allies are
   berserked alongside them.
   EV+3:      It affects your evasion (+3).
   rN+:       It protects you from negative energy.
   *Rage:     It berserks you when you make melee attacks (+20% chance).
 Q - a +3 spectral quick blade
 S - a +6 double sword of freezing
Armour
 h - a +2 pair of boots of rampaging (worn)
 z - the +0 cloak "Suskuo" (worn) {rPois Dex+4 Stlth+}
   (You found it in a Gauntlet)

   Dex+4:     It affects your dexterity (+4).
   rPois:     It protects you from poison Stlth+: It makes you more stealthy.
 B - the +5 leather armour "Fis Evoi" (worn) {rF++ Regen+ SInv}
   (You found it on level 4 of the Dungeon)

   rF++:      It greatly protects you from fire.
   SInv:      It lets you see invisible.
   Regen+:    It increases your rate of health regeneration.
 G - the +0 helmet of the Saviour (worn) {rC+ Dex+2}
   (You found it in a Gauntlet)

   Dex+2:     It affects your dexterity (+2).
   rC+:       It protects you from cold.
 Y - a +0 pair of gloves (worn)
Jewellery
 j - a ring of flight
 s - the ring "Somnus" {Will+ rCorr}
   (You found it on level 1 of the Lair of Beasts)

   [ring of willpower]

   Will+:     It increases your willpower.
   rCorr:     It protects you from acid and corrosion.
 t - a +4 ring of slaying
 y - a ring of fire
 O - an amulet of regeneration (around neck)
 R - the ring "Ekhlegh" (left hand) {rElec EV+5}
   (You found it in a Gauntlet)

   [ring of evasion]

   EV+5:      It affects your evasion (+5).
   rElec:     It insulates you from electricity.
 T - the ring "Jamedep" (right hand) {rN+ Slay+4}
   (You found it in a Gauntlet)

   [ring of slaying]

   Slay+4:    It affects your accuracy & damage with ranged weapons and melee
   (+4).
   rN+:       It protects you from negative energy.
Wands
 p - a wand of flame (55)
 u - a wand of light (23)
 w - a wand of polymorph (39)
 E - a wand of mindburst (6)
 I - a wand of iceblast (40)
 K - a wand of paralysis (65)
 N - a wand of digging (6)
Scrolls
 g - 8 scrolls of revelation
 k - a scroll of teleportation
 l - 2 scrolls of brand weapon
 m - 4 scrolls of poison
 v - 3 scrolls of torment
 F - 6 scrolls of immolation
 J - 7 scrolls of fog
 M - 6 scrolls of vulnerability
 U - 2 scrolls of silence
 V - a scroll of fear
Potions
 c - 7 potions of lignification
 d - 16 potions of curing
 f - 7 potions of enlightenment
 i - 5 potions of magic
 n - 6 potions of attraction
 o - 4 potions of heal wounds
 q - 7 potions of might
 x - 2 potions of resistance
 C - 5 potions of berserk rage
 D - 3 potions of mutation
 H - 4 potions of brilliance
 L - 6 potions of haste
 P - 4 potions of cancellation
 Z - 5 potions of invisibility
Miscellaneous
 A - a lightning rod (4/4)


   Skills:
 - Level 15.0 Fighting
 - Level 18.0 Ranged Weapons
 * Level 14.1 Armour
 - Level 10.0 Dodging
 - Level 2.0 Stealth
 + Level 8.2 Spellcasting
 - Level 19.1 Ice Magic
 - Level 9.0 Air Magic
 - Level 12.3 Invocations
 - Level 5.0 Evocations


You had 8 spell levels left.
You knew the following spells:

 Your Spells              Type           Power      Damage    Failure   Level
a - Sculpt Simulacrum     Ice/Alch       25%        N/A       26%         6
b - Frozen Ramparts       Ice            100%       1d16      0%          3
c - Ozocubu's Armour      Ice            76%        N/A       0%          3
d - Summon Ice Beast      Ice/Summ       50%        N/A       1%          3
e - Hailstorm             Conj/Ice       50%        3d10      1%          3
f - Freezing Cloud        Conj/Ice/Air   25%        6-21      4%          5
g - Metabolic Englaciati  Hex/Ice        25%        N/A       4%          5

Your spell library contained the following spells:

 Spells                   Type           Power      Damage    Failure   Level
 Freeze                   Ice            100%       1d10      0%          1
 Shock                    Conj/Air       100%       1d9       1%          1
 Mercury Vapours          Alch/Air       58%        N/A       1%          2
 Static Discharge         Conj/Air       58%        3-6/arc   1%          2
 Swiftness                Air            49%        N/A       1%          3
 Airstrike                Air            24%        2d(4-20)  1%          4
 Mephitic Cloud           Conj/Alch/Air  22%        N/A       8%          3
 Apportation              Tloc           18%        N/A       9%          1
 Magic Dart               Conj           36%        1d4       9%          1
 Necrotise                Necr           36%        1d5       9%          1
 Sting                    Conj/Alch      36%        1d5       9%          1
 Summon Small Mammal      Summ           36%        N/A       9%          1
 Blink                    Tloc           18%        N/A       13%         2
 Call Imp                 Summ           18%        N/A       13%         2
 Searing Ray              Conj           18%        2d5       13%         2
 Summon Lightning Spire   Summ/Air       29%        N/A       13%         4
 Call Canine Familiar     Summ           9%         N/A       26%         3
 Sigil of Binding         Hex            9%         N/A       26%         3
 Vampiric Draining        Necr           9%         2d6       26%         3
 Volatile Blastmotes      Fire/Tloc      18%        2d11      26%         3
 Animate Dead             Necr           9%         N/A       65%         4
 Dimensional Bullseye     Hex/Tloc       4%         N/A       65%         4
 Fulminant Prism          Conj/Alch      4%         3d5       65%         4
 Leda's Liquefaction      Alch/Erth      4%         N/A       65%         4
 Martyr's Knell           Necr/Summ      9%         N/A       65%         4
 Passage of Golubria      Tloc           9%         N/A       65%         4
 Petrify                  Alch/Erth      9%         N/A       65%         4
 Summon Blazeheart Golem  Fire/Summ      9%         N/A       65%         4
 Alistair's Intoxication  Alch           6%         N/A       94%         5
 Curse of Agony           Necr           9%         N/A       94%         5
 Iskenderun's Battlesphe  Conj           9%         2d6       94%         5
 Bombard                  Conj/Erth      4%         9d2       100%        6
 Haunt                    Necr/Summ      4%         N/A       100%        7
 Orb of Destruction       Conj           4%         9d5       100%        7
 Spellforged Servitor     Conj/Summ      4%         N/A       100%        7
 Disjunction              Tloc           4%         N/A       100%        8
 Infestation              Necr           4%         N/A       100%        8
 Chain Lightning          Conj/Air       14%        3d19      100%        9


Dungeon Overview and Level Annotations

Branches:
Dungeon (15/15)            Temple (1/1) D:4            Lair (5/5) D:9
  Swamp (4/4) Lair:3       Spider (4/4) Lair:3        Slime (0/5) Lair:5
    Orc (2/2) D:10            Elf (2/3) Orc:2        Vaults (0/5) D:13
 Depths (3/4) D:15          IceCv (visited)         Gauntlet (visited)

Altars:
Ashenzari
Cheibriados
Dithmenos
Elyvilon
Fedhas
Gozag
Hepliaklqana
Kikubaaqudgha
Makhleb
Nemelex Xobeh
Okawaru
Qazlal
Ru
Sif Muna
Trog
Uskayaw
Vehumet
Wu Jian
Xom
Yredelemnul
Zin
The Shining One
Lugonu

Shops:
D:2 [=   D:4 (:*=(   D:8 (   D:9 [   Orc:2 !!((   Elf:2 :

Portals:
Hell: Depths:1 Depths:2
Abyss: Depths:3
Pandemonium: Depths:2
Ziggurat: Depths:2

Annotations:
Lair:5 exclusion: rime drake, Rupert
Spider:1 3 runed translucent doors, Cumifues's ghost, journeyman MiMo
Spider:3 2 transporters, Liamsmithers's ghost, adept MiFi
Depths:3 Grunn
Abyss:1 Arachne; Lernaean hydra


Innate Abilities, Weirdness & Mutations

You regain HP and MP as you explore.


Message History

Fire: a) +8 hand cannon (flame)
Press: ? - help, Q - select action, (/) - cycle Shift-Dir - straight line, f/p - Hell Sentinel
Aim: a Hell Sentinel (magical condensation, moderately wounded, 92% to hit)
You shoot a bolt. The bolt hits the Hell Sentinel!!
The Hell Sentinel is heavily wounded.
The spark wasp is engulfed in freezing vapours.
The Hell Sentinel hits you!!
* * * LOW HITPOINT WARNING * * *
The Hell Sentinel hits you.
* * * LOW HITPOINT WARNING * * *
Unknown command.
Casting: Ozocubu's Armour (safe; 0% risk of failure)
Confirm with . or Enter, or press ? or * to list all spells.
A film of ice covers your body! The Hell Sentinel hits you!
* * * LOW HITPOINT WARNING * * *
The Hell Sentinel hits you.
* * * LOW HITPOINT WARNING * * *
Unknown command.
Unknown command.
Fire: a) +8 hand cannon (flame)
Press: ? - help, Q - select action, (/) - cycle Shift-Dir - straight line, f/p - Hell Sentinel
Aim: a Hell Sentinel (heavily wounded, 92% to hit)
You shoot a bolt.
The bolt hits the Hell Sentinel but does no damage.
The Hell Sentinel is heavily wounded.
The spark wasp is engulfed in freezing vapours.
The Hell Sentinel gestures at you.
The sphere of damnation explodes!
The damnation engulfs you!!!
* * * LOW HITPOINT WARNING * * *
The damnation engulfs the Hell Sentinel.
The Hell Sentinel completely resists.
The spark wasp is engulfed in freezing vapours.
Blink to where?
Press: ? - help, Dir - move target, p - Hell Sentinel Your icy armour cracks and falls away as you move.
As you read the scroll of blinking, it crumbles to dust.
You feel much better. The Hell Sentinel gestures at you.
The sphere of damnation explodes!
The damnation engulfs you!!!
You die...

#.# #1#
#D# #.#
########Y#
#1.y.....#
#.###.####
#.###>####
#.@......+
#####.####
#.##
#..####
#...#..
#..#..#
#..##.##
#†[##..#
#...).#.#


You could see a Hell Sentinel.

Vanquished Creatures
  Mara (Swamp:3)
  Saint Roka (Orc:1)
  A golden dragon (Depths:3)
  Nikola (Spider:1)
  A hellephant (Depths:1)
  Jorgrun (Swamp:2)
  3 liches
  The ghost of rundlesten the Warrior, an adept MiBe of Trog (D:14)
  A thorn hunter (Swamp:4)
  Agnes (Elf:1)
  3 fire giants
  2 frost giants
  2 ghost moths
  A ghoul (Swamp:3)
  Louise (Elf:2)
  12 very ugly things
  8 stone giants
  A deep elf demonologist (Elf:2)
  8 eleionomae
  2 dire elephants
  A deep elf death mage (Elf:2)
  A deep elf annihilator (Elf:1)
  6 bunyips
  3 spark wasps
  3 ettins
  2 green deaths (Swamp:4)
  3 fire dragons (Depths:1)
  Josephine (D:12)
  A great orb of eyes (Swamp:4)
  An entropy weaver (Spider:4)
  A vault guard (D:13)
  A hell beast (Swamp:4)
  17 hydras
  2 jorogumos
  2 ice dragons
  4 rakshasas
  3 catoblepae
  An ogre mage (Orc:1)
  12 alligators
  5 radroaches (Spider:4)
  5 boulder beetles
  3 centaur warriors
  11 death yaks
  5 tengu warriors
  5 two-headed ogres (Orc:1)
  3 hell hogs (Depths:1)
  3 deep troll earth magi
  2 thrashing horrors
  4 vampire magi
  24 dancing weapons
  20 deep elf knights
  6 hell knights (Depths:3)
  3 orc high priests (Orc:2)
  4 spriggan berserkers
  3 deep troll shamans
  19 demonic crawlers
  3 iron trolls (Depths:3)
  5 skeletal warriors (D:15)
  4 goliath frogs
  10 pharaoh ants
  9 deep trolls
  A glowing orange brain (Depths:2)
  A sun moth (Spider:4)
  9 orb spiders
  5 spriggan druids
  An obsidian statue (Gauntlet)
  7 swamp dragons
  9 bog bodies
  12 steelbarb worms
  20 deep elf zephyrmancers
  13 deep elf archers
  9 orc knights
  2 necromancers (Depths:3)
  26 deep elf pyromancers
  16 wolf spiders
  3 manticores
  5 will-o-the-wisps (Swamp:4)
  16 ugly things
  6 orc sorcerers
  2 large abominations (Swamp:4)
  12 meliai
  3 cyclopes
  Joseph (D:7)
  8 elephants
  6 moths of wrath
  2 kobold blastminers (Orc:2)
  An ice statue (IceCv)
  9 torpor snails
  4 gargoyles
  6 black mambas
  6 orange demons (Swamp:4)
  2 molten gargoyles (Gauntlet)
  10 cane toads
  An unseen horror (D:13)
  10 rime drakes
  11 komodo dragons
  2 kobold demonologists (D:10)
  2 tormentors (Depths:2)
  4 trolls
  3 tengu conjurers (Depths:1)
  33 tarantellas
  9 hornets
  5 tyrant leeches
  5 polar bears
  6 dream sheep (Lair:5)
  A glass eye (Depths:1)
  Prince Ribbit (D:7)
  30 blink frogs
  23 jumping spiders
  20 slime creatures
  5 air elementals
  4 centaur simulacra (Gauntlet)
  2 shadows
  A vampire (D:10)
  10 culicivoras
  A slime creature (shapeshifter) (Depths:3)
  7 water elementals
  21 spriggans
  3 small abominations (Gauntlet)
  64 yaks
  3 wyverns
  4 wraiths
  9 humans (D:13)
  5 wargs
  6 basilisks
  2 fire elementals
  2 steam dragons
  33 redbacks
  13 vampire mosquitoes
  Menkaure (D:7)
  14 swamp worms
  A hell hound (Gauntlet)
  11 water moccasins
  4 acid dragons
  5 swamp drakes
  11 black bears
  32 orc warriors
  An ice beast (D:5)
  2 laughing skulls (D:14)
  4 boggarts
  7 ogres
  36 wolves
  9 centaurs
  3 phantoms
  5 kobold brigands
  16 bullfrogs
  Blork the orc (D:4)
  3 gnoll sergeants
  A necrophage (D:5)
  3 scorpions
  2 earth elementals
  19 wights
  4 killer bees
  2 howler monkeys
  A spectral bullfrog (D:5)
  3 electric eels
  A bombardier beetle (D:4)
  3 hounds
  13 jellies
  Crazy Yiuf (D:3)
  A sleepcap (D:4)
  A wyvern simulacrum (Gauntlet)
  A gnoll bouda (D:6)
  20 orc priests
  20 orc wizards
  A scorpion zombie (D:5)
  An iguana (D:5)
  A spectral hound (D:5)
  A hound zombie (D:5)
  20 gnolls
  9 adders
  2 white imps
  2 ufetubi (D:6)
  A ribbon worm (D:4)
  4 dart slugs
  76 orcs
  4 ball pythons
  8 endoplasms
  5 goblins
  8 hobgoblins
  3 jackals (D:4)
  17 kobolds
  7 quokkas
  6 bats
  2 frilled lizards (D:1)
  3 rats
1310 creatures vanquished.

Vanquished Creatures (collateral kills)
  An entropy weaver (Spider:1)
  An ice dragon (Depths:1)
  A dancing weapon (Elf:2)
  A death yak (IceCv)
  A two-headed ogre (D:10)
  A rime drake (IceCv)
  A culicivora (Spider:1)
  A slime creature (D:12)
  A basilisk (Lair:4)
  A yak (IceCv)
  A vampire mosquito (D:12)
  A wolf (IceCv)
12 creatures vanquished.

Vanquished Creatures (others)
  A minotaur (Gauntlet)
  A vault guard (D:13)
  An efreet (Gauntlet)
  A bloated husk (Swamp:3)
  A centaur simulacrum (Gauntlet)
  A human (D:13)
  2 fire elementals (Gauntlet)
  2 hell hounds (Gauntlet)
  A meliai simulacrum (Gauntlet)
  An ice dragon simulacrum (Gauntlet)
  2 orc wizards (Orc:2)
  20 foxfires (Swamp:4)
34 creatures vanquished.

Grand Total: 1356 creatures vanquished

Notes
Turn   | Place    | Note
-------+----------+-------------------------------------------
     0 | D:1      | cdecastro the Human Ice Elementalist began the quest for
                  | the Orb.
     0 | D:1      | Reached XP level 1. HP: 13/13 MP: 3/3
   172 | D:1      | Reached XP level 2. HP: 11/19 MP: 1/5
   894 | D:2      | Found a faded altar of an unknown god.
   921 | D:2      | Prayed at the altar of an unknown god.
   921 | D:2      | Became a worshipper of Lugonu the Unformed
   921 | D:2      | Reached * piety under Lugonu
   933 | D:2      | Reached XP level 3. HP: 24/24 MP: 6/6
  1004 | D:2      | Reached skill level 5 in Ice Magic
  1125 | D:2      | Learned a level 3 spell: Frozen Ramparts
  1241 | D:2      | Found Suorupreje's Jewellery Emporium.
  1308 | D:2      | Reached XP level 4. HP: 27/30 MP: 3/7
  1315 | D:2      | Reached ** piety under Lugonu
  1397 | D:2      | Found Qagg's Armour Emporium.
  1489 | D:2      | Found Bedunk's Magic Scroll Boutique.
  1492 | D:2      | Reached skill level 6 in Ice Magic
  1736 | D:3      | Found a faded altar of an unknown god.
  1736 | D:3      | Found a faded altar of an unknown god.
  1742 | D:3      | Found a hazy altar of Hepliaklqana.
  1843 | D:3      | Got Biluon's Tutorial on Sorcery
  2196 | D:3      | Found a runed translucent door.
  2197 | D:3      | Noticed Crazy Yiuf
  2239 | D:3      | Reached XP level 5. HP: 26/35 MP: 5/8
  2540 | D:4      | Noticed an ogre
  2547 | D:3      | Learned a level 3 spell: Ozocubu's Armour
  2735 | D:4      | Reached skill level 7 in Ice Magic
  2735 | D:4      | Reached XP level 6. HP: 41/41 MP: 5/9
  2736 | D:4      | Noticed Blork the orc
  2779 | D:5      | Entered Level 5 of the Dungeon
  2902 | D:4      | Reached skill level 8 in Ice Magic
  2902 | D:4      | Reached XP level 7. HP: 46/46 MP: 5/10
  2921 | D:4      | Found a staircase to the Ecumenical Temple.
  2947 | Temple   | Entered the Ecumenical Temple
  2954 | D:4      | Killed Blork the orc
  2999 | D:4      | Found Ymiqu's Book Boutique.
  3055 | D:4      | Found Amide Nueqyu's Antique Weapon Shop.
  3225 | D:4      | Found Wanaimiq's Assorted Antiques.
  3228 | D:4      | Identified the +5 leather armour "Fis Evoi" {rF++ Regen+
                  | SInv}
  3261 | D:4      | Found Baekk's Jewellery Shop.
  3358 | D:4      | Found a basalt altar of Yredelemnul.
  3453 | D:4      | Found a sacrificial altar of Ru.
  3482 | D:4      | Found Irefeq's Weapon Shop.
  3601 | D:4      | Bought a glowing hand cannon for 195 gold pieces
  3656 | D:4      | Learned a level 3 spell: Summon Ice Beast
  3697 | D:5      | Reached skill level 9 in Ice Magic
  4338 | D:5      | Reached XP level 8. HP: 29/52 MP: 7/11
  4511 | D:4      | Reached skill level 10 in Ice Magic
  4737 | D:6      | Reached *** piety under Lugonu
  4958 | D:6      | Reached skill level 11 in Ice Magic
  5495 | D:7      | Noticed Menkaure
  5500 | D:7      | Killed Menkaure
  5544 | D:7      | Reached XP level 9. HP: 55/57 MP: 10/12
  5575 | D:7      | Noticed Joseph
  5753 | D:7      | Killed Joseph
  5754 | D:7      | Reached skill level 12 in Ice Magic
  5875 | D:7      | Noticed Prince Ribbit
  5906 | D:7      | Killed Prince Ribbit
  6042 | D:7      | Reached skill level 13 in Ice Magic
  6323 | D:8      | Reached skill level 1 in Invocations
  6448 | D:8      | Found Astakh's Weapon Shop.
  6597 | D:8      | Found a burning altar of Makhleb.
  6738 | D:8      | Reached **** piety under Lugonu
  6797 | D:8      | Reached skill level 5 in Invocations
  6800 | D:8      | Reached XP level 10. HP: 51/63 MP: 11/13
  6998 | D:8      | Found an iron altar of Okawaru.
  7428 | D:4      | Bought a scroll labelled HINUABOVO for 26 gold pieces
  7428 | D:4      | Bought a peridot ring for 130 gold pieces
  7428 | D:4      | Bought a puce potion for 23 gold pieces
  7492 | D:3      | Killed Crazy Yiuf
  7682 | D:5      | Identified the +4 dagger of Cowardice {pain, rPois rC++}
  7785 | D:9      | Found Senwavaixt's Antique Armour Shop.
  7801 | D:9      | Found a snail-covered altar of Cheibriados.
  8085 | D:9      | Found a staircase to the Lair.
  8085 | D:9      | Noticed an elephant
  8195 | D:9      | Killed an elephant
  8369 | D:8      | Reached skill level 10 in Invocations
  8558 | D:9      | Found an ornate altar of the Wu Jian Council.
  8608 | D:9      | Found a glowing golden altar of the Shining One.
  8617 | D:9      | Found a hide-covered altar of Uskayaw.
  8617 | D:9      | Found a shimmering altar of Xom.
  8618 | D:9      | Found a shimmering blue altar of Sif Muna.
  8945 | D:10     | Entered Level 10 of the Dungeon
  9112 | D:10     | Reached skill level 1 in Fighting
  9112 | D:10     | Reached XP level 11. HP: 60/72 MP: 15/19
  9143 | D:10     | Noticed a two-headed ogre
  9148 | D:10     | Killed a two-headed ogre
  9311 | D:10     | Reached skill level 5 in Fighting
  9325 | D:10     | Reached ***** piety under Lugonu
  9539 | D:10     | Found Zin's Purification Station.
  9548 | D:10     | Found a glowing silver altar of Zin.
  9574 | D:10     | Bought a potion of curing for 90 gold pieces
  9612 | D:10     | Found a staircase to the Orcish Mines.
  9627 | D:10     | You fall into a shaft and drop 1 floor!
 10106 | D:10     | Learned a level 3 spell: Hailstorm
 10107 | D:11     | Noticed a boulder beetle
 10345 | D:2      | Bought a scroll of identify for 24 gold pieces
 10389 | D:4      | Bought a scroll labelled IRAKHECSUU for 26 gold pieces
 10426 | D:2      | Bought a scroll of poison for 48 gold pieces
 10426 | D:2      | Bought a scroll of immolation for 48 gold pieces
 10757 | D:10     | Banished a boulder beetle
 11073 | D:11     | Noticed a cyclops
 11415 | D:12     | Reached XP level 12. HP: 62/97 MP: 20/20
 11474 | D:12     | Reached skill level 10 in Fighting
 11496 | D:12     | Noticed Josephine
 11521 | D:12     | Killed Josephine
 11664 | D:12     | Got the Elucidation of the Rhinotaur
 11756 | D:12     | Reached skill level 5 in Dodging
 11810 | D:12     | Reached skill level 1 in Armour
 11911 | D:12     | Noticed a boulder beetle
 12028 | Orc:1    | Entered Level 1 of the Orcish Mines
 12170 | Orc:1    | Found a frozen archway.
 12182 | IceCv    | Entered an ice cave
 12214 | IceCv    | Noticed a death yak
 12225 | IceCv    | Reached skill level 5 in Armour
 12229 | IceCv    | Killed a death yak
 12346 | IceCv    | Noticed a death yak
 12359 | IceCv    | Noticed a death yak
 12363 | IceCv    | Killed a death yak
 12364 | IceCv    | Reached skill level 5 in Spellcasting
 12373 | IceCv    | Killed a death yak
 12724 | IceCv    | Noticed a death yak
 12734 | IceCv    | Killed a death yak
 12828 | IceCv    | Reached XP level 13. HP: 106/106 MP: 18/21
 12857 | IceCv    | Noticed a frost giant
 13002 | IceCv    | Banished a frost giant
 13141 | IceCv    | Reached skill level 1 in Evocations
 13532 | D:2      | Bought a scroll of identify for 24 gold pieces
 13532 | D:2      | Bought a scroll of enchant armour for 90 gold pieces
 13532 | D:2      | Bought a scroll of amnesia for 48 gold pieces
 13532 | D:2      | Bought a scroll of revelation for 90 gold pieces
 13901 | Orc:1    | Reached skill level 5 in Evocations
 14049 | Orc:1    | Reached ****** piety under Lugonu
 14050 | Orc:1    | Reached skill level 1 in Ranged Weapons
 14529 | D:2      | Bought a scroll of torment for 114 gold pieces
 14529 | D:2      | Bought 2 scrolls of vulnerability for 96 gold pieces
 14758 | Orc:2    | Entered Level 2 of the Orcish Mines
 14788 | Orc:2    | Reached skill level 5 in Ranged Weapons
 14950 | Orc:2    | Noticed Saint Roka
 14968 | Orc:2    | Paralysed by an orc sorcerer for 5 turns
 16153 | D:13     | Killed a vault guard
 16271 | D:13     | Reached XP level 14. HP: 115/115 MP: 20/22
 16598 | D:13     | Found a gate to the Vaults.
 17117 | D:14     | Reached skill level 10 in Ranged Weapons
 17508 | D:14     | Learned a level 5 spell: Freezing Cloud
 17641 | D:14     | Reached skill level 1 in Air Magic
 18150 | D:14     | Found a runed translucent door.
 18152 | D:14     | Identified the +8 trident of Articulation {drain, rC- rCorr
                  | Str+2 Int+5}
 18152 | D:14     | Identified the +4 plate armour of Resonant Freedom {^Drain
                  | Dex+7}
 18152 | D:14     | Noticed rundlesten's ghost (adept MiBe)
 18317 | D:15     | Entered Level 15 of the Dungeon
 18684 | D:15     | Noticed a brown very ugly thing
 18690 | D:15     | Found a staircase to the Depths.
 18690 | D:15     | Noticed a dire elephant
 18873 | D:15     | Killed a brown very ugly thing
 19055 | D:15     | Killed a dire elephant
 20015 | D:2      | Bought a ring of poison resistance for 240 gold pieces
 20128 | D:9      | Bought a runed hat for 245 gold pieces
 20399 | Lair:1   | Entered Level 1 of the Lair of Beasts
 20633 | Lair:1   | Identified the ring "Somnus" {Will+ rCorr}
 20665 | Lair:1   | Found a gate leading to a gauntlet.
 20673 | Gauntlet | Entered a Gauntlet
 20673 | Gauntlet | Found a transporter.
 20673 | Gauntlet | Found a transporter.
 20677 | Gauntlet | Found a transporter.
 20677 | Gauntlet | Found a transporter.
 20681 | Gauntlet | Noticed a dire elephant
 20686 | Gauntlet | Found a transporter.
 20707 | Gauntlet | Found a transporter.
 20715 | Gauntlet | Found a transporter.
 20715 | Gauntlet | Found a transporter.
 20719 | Gauntlet | Found a transporter.
 20746 | Gauntlet | Found a transporter.
 20755 | Gauntlet | Found a transporter.
 20799 | Gauntlet | Found a transporter.
 20810 | Gauntlet | Found a transporter.
 20826 | Gauntlet | Found a transporter.
 20926 | Gauntlet | Found a transporter.
 20946 | Gauntlet | Found a transporter.
 21066 | Gauntlet | Corrupted Gauntlet
 21066 | Gauntlet | Noticed a starcursed mass
 21067 | Gauntlet | Noticed a hellephant
 21074 | Gauntlet | Noticed a lorocyproca
 21084 | Gauntlet | Noticed an Executioner
 21115 | Gauntlet | Reached skill level 5 in Air Magic
 21135 | Gauntlet | Identified the +0 cloak "Suskuo" {rPois Dex+4 Stlth+}
 21153 | Gauntlet | Noticed an ancient lich
 21164 | Gauntlet | Identified the ring "Ekhlegh" {rElec EV+5}
 21218 | Gauntlet | Identified the ring "Jamedep" {rN+ Slay+4}
 21389 | Gauntlet | Identified the +1 arbalest of Overwhelming Force {freeze,
                  | rF+ Will++ Int-4}
 21812 | Gauntlet | Reached XP level 15. HP: 107/120 MP: 14/23
 22137 | Gauntlet | Reached skill level 10 in Dodging
 22139 | Gauntlet | Identified the ring of the Devil's Team {Fire rN+}
 22144 | Gauntlet | Identified the +0 scale mail "Vide" {Fly rF+ Stlth+}
 22262 | Gauntlet | Identified the +0 helmet of the Saviour {rC+ Dex+2}
 24642 | Lair:3   | Found a hole to the Spider Nest.
 24947 | Lair:3   | Found a staircase to the Swamp.
 26073 | Lair:4   | Learned a level 5 spell: Metabolic Englaciation
 26074 | Lair:5   | Entered Level 5 of the Lair of Beasts
 26315 | Lair:5   | Reached XP level 16. HP: 127/127 MP: 24/24
 26348 | Lair:5   | Reached skill level 10 in Armour
 26371 | Lair:5   | Found a staircase to the Slime Pits.
 27001 | Lair:5   | Noticed Rupert
 27366 | Lair:5   | Reached skill level 14 in Ice Magic
 28432 | Orc:2    | Found Zak Biof's Antique Weapon Emporium.
 28432 | Orc:2    | Found Bish's Distillery.
 28452 | Orc:2    | Found Ihav's Antique Weapon Shop.
 28454 | Orc:2    | Found Seciq's Distillery.
 28571 | Orc:2    | Found a staircase to the Elven Halls.
 28929 | Orc:2    | Bought a slimy scimitar for 207 gold pieces
 28929 | Orc:2    | Identified the +8 scimitar "Vaimy" {drain, rC- rN+++ rCorr
                  | MP-9} (You bought it in a shop on level 2 of the Orcish
                  | Mines)
 28944 | Orc:2    | Bought a potion of brilliance for 60 gold pieces
 28944 | Orc:2    | Bought a potion of attraction for 45 gold pieces
 28944 | Orc:2    | Bought a potion of berserk rage for 75 gold pieces
 28944 | Orc:2    | Bought a potion of cancellation for 120 gold pieces
 28944 | Orc:2    | Bought a potion of heal wounds for 75 gold pieces
 28944 | Orc:2    | Bought a potion of attraction for 45 gold pieces
 28946 | Orc:2    | Bought a potion of enlightenment for 70 gold pieces
 28946 | Orc:2    | Bought a potion of haste for 140 gold pieces
 28946 | Orc:2    | Bought a potion of might for 56 gold pieces
 28946 | Orc:2    | Bought a potion of invisibility for 112 gold pieces
 28946 | Orc:2    | Bought a potion of magic for 112 gold pieces
 29076 | Orc:1    | Killed Saint Roka
 29576 | Swamp:1  | Entered Level 1 of the Swamp
 30310 | Swamp:2  | Noticed Jorgrun
 30704 | Swamp:3  | Noticed Mara
 30799 | Spider:1 | Entered Level 1 of the Spider Nest
 31203 | Lair:3   | Reached XP level 17. HP: 133/133 MP: 26/26
 31286 | Spider:1 | Reached skill level 15 in Ice Magic
 31430 | Spider:1 | Noticed Nikola
 31447 | Spider:1 | Killed Nikola
 32235 | Spider:1 | Got Cebi's Quarto of the Ruinous Tincture
 32257 | Spider:1 | Found a runed translucent gate.
 32258 | Spider:1 | Found a runed translucent gate.
 32258 | Spider:1 | Found a runed translucent gate.
 32262 | Spider:1 | Noticed Cumifues's ghost (journeyman MiMo)
 34288 | Spider:2 | Reached skill level 16 in Ice Magic
 34590 | Spider:2 | Found the -2 hat of the Alchemist {rElec rPois rF+ rC+ rN+
                  | Will+ rMut rCorr}
 34602 | Spider:2 | Got the Elucidation of Floating Locality
 34923 | Spider:3 | Reached skill level 15 in Ranged Weapons
 35471 | Spider:3 | Found a transporter.
 35476 | Spider:3 | Noticed Liamsmithers's ghost (adept MiFi)
 35477 | Spider:3 | Found a transporter.
 35703 | Spider:4 | Entered Level 4 of the Spider Nest
 35933 | Spider:4 | Noticed Arachne
 35942 | Spider:3 | Reached XP level 18. HP: 119/140 MP: 21/27
 35974 | Spider:3 | Banished Arachne
 36216 | Spider:4 | Paralysed by a jorogumo for 2 turns
 38286 | Spider:4 | Got a gossamer rune of Zot
 38901 | D:14     | Killed rundlesten's ghost
 39281 | Swamp:4  | Entered Level 4 of the Swamp
 39666 | Swamp:2  | Reached skill level 17 in Ice Magic
 39864 | Swamp:2  | Killed Jorgrun
 39977 | Swamp:2  | Identified the +3 glaive of the Wasp {freeze, rC+ Str+3}
 40714 | Swamp:3  | Identified the +8 chain mail "Earthly Heaven" {+Blink Str-2
                  | Int+5}
 40873 | Swamp:3  | Killed Mara
 41694 | Swamp:4  | Reached XP level 19. HP: 146/146 MP: 19/28
 42375 | Swamp:4  | Reached skill level 18 in Ice Magic
 42401 | Swamp:4  | Learned a level 6 spell: Sculpt Simulacrum
 42619 | Swamp:4  | Noticed the 27-headed Lernaean hydra
 42622 | Swamp:4  | Banished the 27-headed Lernaean hydra
 42726 | Swamp:4  | Got a decaying rune of Zot
 43165 | Elf:1    | Entered Level 1 of the Elven Halls
 43572 | Elf:1    | Noticed Agnes
 44257 | Elf:1    | Killed Agnes
 44802 | Elf:2    | Paralysed by an air elemental for 1 turns
 44806 | Elf:2    | Identified the +7 spear "Killer Bee's Bane" {freeze, rN+
                  | Will+}
 45217 | Elf:2    | Found Yruus's Book Shoppe.
 45268 | Elf:2    | Reached XP level 20. HP: 160/160 MP: 19/29
 45483 | Elf:2    | Found a runed translucent gate.
 45483 | Elf:2    | Found a runed translucent gate.
 45483 | Elf:2    | Found a runed translucent gate.
 45777 | Elf:2    | Reached skill level 19 in Ice Magic
 45881 | Elf:2    | Reached skill level 15 in Fighting
 45903 | Elf:2    | Noticed Louise
 45919 | Elf:2    | Killed Louise
 47060 | Depths:1 | Entered Level 1 of the Depths
 47142 | Depths:1 | Found the +10 zealot's sword {holy, Zealotry, *Rage rN+
                  | EV+3}
 47665 | Depths:1 | Found a gateway to Hell.
 47665 | Depths:1 | Noticed a hellephant
 47687 | Depths:1 | Killed a hellephant
 47813 | Depths:1 | Found a shadowy altar of Dithmenos.
 48106 | Depths:1 | Found a sparkling altar of Nemelex Xobeh.
 48877 | Depths:2 | Found a one-way gate leading to the halls of Pandemonium.
 49600 | Depths:2 | Found a shimmering blue altar of Sif Muna.
 49658 | Depths:2 | Found a one-way gateway to a ziggurat.
 50065 | Depths:3 | Noticed Grunn
 50071 | Depths:3 | Noticed a doom hound
 50075 | Depths:2 | Noticed a Tzitzimitl
 50091 | Depths:2 | Reached XP level 21. HP: 40/158 MP: 17/32
 50097 | Depths:2 | You fall into a shaft and drop 1 floor!
 50097 | Depths:3 | Found a one-way gate to the infinite horrors of the Abyss.
 50390 | Depths:3 | Noticed a golden dragon
 50417 | Depths:3 | Killed a golden dragon
 50424 | Depths:3 | Killed from afar by a Hell Sentinel

Illustrated notes

Levels and vault maps discovered:
D:1:      matt_arrival_los_fun, layout_loops_ring
D:2:      layout_basic, ebering_ecumenical_altar_webs, serial_shops, shop,
          nicolae_shop_real_fake_doors,
          nicolae_shop_temple_entry_statues_fountains, corexii_leaking_fountain,
          item_on_display_a
D:3:      layout_rooms, nicolae_hepliaklqana_ecumenical_no_more,
          nicolae_eternal_life, uniq_crazy_yiuf_cottage
D:4:      layout_rooms, nicolae_ru_the_path_less_chosen, amcnicky_altar_gilded,
          minmay_temple_entry_mini_moons, serial_shops,
          nicolae_shop_back_alley_shop, nicolae_shop_window_shopping,
          shop_statue, shop, nicolae_shop_hallway_plus, uniq_blork_the_orc
D:5:      layout_loops_corners, dilly_guarded_unrand_morg
D:6:      layout_loops_ring, patterned_corridor
D:7:      layout_loops_ring, kennysheep_generic_room_16, uniq_prince_ribbit1,
          uniq_joseph, uniq_menkaure
D:8:      layout_loops_cross, overflow_temple_1_default,
          mainiacjoe_overflow_cross_hatched, serial_shops,
          nicolae_shop_back_alley_shop, hangedman_decor_lopped,
          chequers_serial_rivers_small_b
D:9:      layout_stronghold, old_standard_altar, grunt_temple_overflow_open,
          lemuel_round_altar, david_lair_generic, serial_shops,
          nicolae_diamond_shop
D:10:     layout_loops_ring, zin_purify, erik_orc_3
D:11:     layout_cave_pools
D:12:     layout_roguey, special_room [special_room_orc], uniq_josephine
D:13:     layout_cross, ximxim_vaults_locker_room,
          nicolae_concentric_dashed_squares_mild
D:14:     layout_basic, ebering_ghost_funeral_grove, serial_park_gazebo
          [serial_park_minivault_5x5_8]
D:15:     hangedman_depths_entry_try_elsewhere_first, layout_basic,
          minivault_27, corexii_hall_statues_i
Temple:   hellmonk_temple_beads
Lair:1:   layout_regular_city, gauntlet_entry_generic
Lair:2:   layout_roguey
Lair:3:   layout_regular_city, mainiacjoe_swamp_entry_angry_trees,
          nicolae_spider_entry_lesser_pyramids, infiniplex_staircase_pool
Lair:4:   layout_roguey, chequers_serial_rivers_room_a
Lair:5:   minmay_lair_end_enchanted_forest, layout_regular_city,
          minmay_slime_entry_jelly_boxes, uniq_rupert
Swamp:1:  layout_basic_swamp, nicolae_swamp_stuck_in_the_mud
Swamp:2:  layout_basic_swamp, evilmike_swamp_ruin_house_4, uniq_jorgrun
Swamp:3:  layout_basic_swamp, nicolae_swamp_reclaimed_castle, swamp_pool_1_2,
          nicolae_swamp_soggy_hallways, uniq_mara
Swamp:4:  swamp_vile, layout_basic_swamp, swamp_pool_5
Spider:1: cheibrodos_forgotten_conduit, gammafunk_ghost_necromancy, uniq_nikola
Spider:2: layout_chambers, nicolae_spider_webs_and_nodes, drop_trap,
          worms_lemuel
Spider:3: layout_spider_delve, gammafunk_ghost_mausoleum
Spider:4: hellmonk_spider_rune_bug_friends, drop_trap, uniq_arachne
Orc:1:    cheibrodos_orc_arena, layout_caves, portal_ice_cave_rime, mines1_david
Orc:2:    st_orc_elflike, layout_diamond_mine, basic_altar, mines2_lemuel,
          uniq_saint_roka
Elf:1:    eino_elf_arrival_sip, layout_loops_cross, nicolae_elf_crossing_hall,
          uniq_agnes
Elf:2:    nicolae_elf_blades_splatter_lattice [nicolae_blade_lattice],
          layout_geoelf_diagonals, serial_shops, shop, uniq_louise
Depths:1: layout_basic, old_standard_altar, grunt_hell_horde,
          hangedman_decor_diamond_cutter, hangedman_glass_teeth,
          chequers_serial_rivers_micro_b, nemelex_altar_shiori
Depths:2: hangedman_cross_stitches, layout_cave_pools, enter_ziggurat_c,
          grunt_pan_entry_zigzag, hell_entry, nicolae_sif_muna_little_library
Depths:3: minmay_curly_fans, layout_gridlike, abyss_entry, hell_entry,
          serial_sigils_hangedman_confine, nicolae_vehumet_radiance,
          grunt_megastairs_2, uniq_enchantress, uniq_grunn

Skill      XL: |  1  2  3  4  5  6  7  8  9 10 11 12 13 14 15 16 17 18 19 20 21 |
---------------+----------------------------------------------------------------+-----
Ice Magic      | 5 6 7 8 9 11 13 14 16 17 18 19 | 19.1
Invocations    | 5 11 12 | 12.3
Fighting       | 1 9 11 12 14 15 | 15.0
Dodging        | 5 9 10 | 10.0
Armour         | 5 9 10 13 14 | 14.1
Spellcasting   | 5 7 8 |  8.2
Evocations     | 5 |  5.0
Ranged Weapons | 8 10 12 15 17 18 | 18.0
Air Magic      | 5 9 |  9.0
Stealth        | |  2.0

Action                     |  1- 3 |  4- 6 |  7- 9 | 10-12 | 13-15 | 16-18 | 19-21 || total
---------------------------+-------+-------+-------+-------+-------+-------+-------++-------
  Melee: Unarmed           |     3 |       |       |       |       |       |       ||     3
         Dagger            |     8 |    39 |    76 |   401 |   198 |       |       ||   722
         Punch             |       |       |     1 |    10 |     4 |       |       ||    15
         Scimitar          |       |       |       |       |     9 |       |       ||     9
         Hand cannon       |       |       |       |       |       |     4 |       ||     4
   Fire: Hand cannon       |       |       |    88 |    86 |   601 |  1086 |   749 ||  2610
         Longbow           |       |       |       |       |       |       |    75 ||    75
   Cast: Freeze            |    39 |    23 |       |       |     1 |       |       ||    63
         Frozen Ramparts   |     1 |     8 |    28 |    63 |   104 |    87 |     8 ||   299
         Ozocubu's Armour  |       |     2 |    24 |    62 |   105 |   113 |    20 ||   326
         Summon Ice Beast  |       |       |     1 |    12 |    19 |     9 |     6 ||    47
         Hailstorm         |       |       |       |     3 |     1 |       |       ||     4
         Freezing Cloud    |       |       |       |       |    17 |    81 |   104 ||   202
         Metabolic Englaci |       |       |       |       |       |     9 |       ||     9
 Invoke: Banish            |       |       |       |     1 |     3 |     1 |     2 ||     7
         Corrupt           |       |       |       |       |     1 |       |       ||     1
  Evoke: Wand              |       |       |       |       |       |       |     2 ||     2
    Use: Scroll            |       |       |       |     8 |    16 |    10 |     8 ||    42
         Potion            |       |       |       |     2 |     1 |     1 |     3 ||     7
   Stab: Sleeping          |     1 |     2 |     3 |     3 |       |       |       ||     9
         Distracted        |       |       |       |     1 |     3 |       |       ||     4
 Armour: Robe              |    16 |    40 |     6 |       |       |       |       ||    62
         Leather armour    |       |       |   120 |   475 |   635 |   677 |   437 ||  2344
  Dodge: Dodged            |    21 |    43 |    83 |   359 |   675 |  1367 |   357 ||  2905
